AoeStats
← BigAttack

Yucatan

510604523Analyzed
2v2 RM · 18h ago on Oct 1, 2026· 33m 20s· 4 players
Game mode
Random Map
Map size
Medium (4 player)
Population
200
Speed
Normal
Resources
Standard
Victory
Conquest
Starting age
Dark Age
Ending age
Imperial Age
RankedLock teamsTeams togetherTeam positionsShared explorationLock speedFull tech treeHidden civsTurbo modeCheats
Victory
Defeat
🇩🇪 Celts · Germany
865
+13
🇩🇪 Ethiopians · Germany
858
+13
🇫🇷 Japanese · France
803
-13
🇫🇷 Khmer · France
798
-13
Adre
9:45 Loom
11:31 Feudal Age
15:14 Castle Age
15:12 Double-Bit Axe
15:21 Gold Mining
15:56 Scale Barding Armor
17:40 Fletching
19:43 Bow Saw
22:48 Forging
23:38 Town Watch
24:32 Wheelbarrow
27:50 Hand Cart
27:12 Elite Skirmisher
28:09 Padded Archer Armor
Dood
11:07 Feudal Age
9:27 Loom
12:32 Double-Bit Axe
12:33 Horse Collar
26:17 Fletching
26:27 Padded Archer Armor
26:38 Forging
26:33 Scale Mail Armor
BigAttack
11:39 Feudal Age
12:10 Man-at-Arms
12:46 Double-Bit Axe
15:15 Gold Mining
17:14 Wheelbarrow
16:26 Loom
16:27 Town Watch
17:17 Scale Mail Armor
18:35 Forging
20:09 Horse Collar
23:58 Castle Age
23:36 Arson
25:00 Long Swordsman
26:11 Gambesons
28:27 Chain Mail Armor
29:52 Iron Casting
30:21 Bow Saw
32:02 Gold Shaft Mining
31:31 Heavy Plow
33:09 Hand Cart
33:59 Town Patrol
Kingslayer
7:32 Loom
10:31 Feudal Age
11:52 Double-Bit Axe
13:13 Wheelbarrow
18:46 Castle Age
18:32 Gold Mining
18:51 Crossbowman
21:02 Fletching
23:36 Forging
23:28 Scale Mail Armor
23:50 Squires
25:49 Ballistics
28:49 Horse Collar
32:07 Stone Mining
33:12 Husbandry
Connection lost

Rejoining the realm…

Still unreachable

The connection could not be restored.

Session expired

The server has moved on; the page needs a fresh start.